 Dungeon Crawl Stone Soup version 0.30-a0-949-g53dc5368d7 (webtiles) character file.

Game seed: 2177679466903577284

814 DeathPants the Twirler (level 7, -1/38 HPs)
             Began as a Vine Stalker Gladiator on Mar 27, 2023.
             Was an Initiate of Gozag.
             Killed from afar by an acid dragon (24 damage)
             ... with a splash of acid
             ... on level 5 of the Dungeon.
             The game lasted 00:10:32 (4077 turns).

DeathPants the Twirler (Vine Stalker Gladiator)     Turns: 4077, Time: 00:10:32

Health: -1/38      AC:  6    Str: 17    XL:     7   Next: 93%
Magic:  0/8        EV: 12    Int: 10    God:    Gozag
Gold:   629        SH:  0    Dex: 15    Spells: 6/6 levels left

rFire   . . .      SeeInvis .    a - +1 quarterstaff
rCold   . . .      Faith    .    (shield currently unavailable)
rNeg    . . .      Spirit   +    k - +0 troll leather armour
rPois   .          Reflect  .    c - +0 helmet
rElec   .          Rampage  .    (no cloak)
rCorr   .                        (no gloves)
Will    .....                    m - +0 pair of boots
Stlth   +                        (no amulet)
HPRegen 1.86/turn                b - +4 ring of slaying
MPRegen 0.11/turn                (no ring)

@: gold aura
A: fangs 2, regeneration 1, magic shield, antimagic bite, no potion heal 2
a: Renounce Religion, Potion Petition, Call Merchant, Bribe Branch


You were on level 5 of the Dungeon.
You worshipped Gozag.
Gozag was pleased with you.
You visited 2 branches of the dungeon, and saw 6 of its levels.
You also visited: Ossuary.

You collected 697 gold pieces.
You paid 68 gold pieces to Gozag.

Inventory:

Hand Weapons
 a - a +1 quarterstaff (weapon)
Missiles
 d - 2 throwing nets (quivered)
 e - 6 javelins
 j - 4 poisoned darts
 v - 5 boomerangs
Armour
 c - a +0 helmet (worn)
 k - a +0 troll leather armour (worn)
 m - a +0 pair of boots (worn)
Jewellery
 b - a +4 ring of slaying (left hand)
Wands
 g - a wand of acid (19)
Scrolls
 f - 2 scrolls of amnesia
Potions
 h - 3 potions of heal wounds {unknown}
 i - 5 potions of curing {unknown}
 l - 2 potions of lignification
 n - a potion of resistance {unknown}
 o - a potion of attraction {unknown}
 p - 2 potions of mutation {unknown}
 q - a potion of haste {unknown}
 r - a potion of berserk rage {unknown}
 s - 3 potions of flight {unknown}
 t - a potion of might {unknown}
 u - a potion of cancellation {unknown}


   Skills:
 + Level 4.5 Fighting
 * Level 6.7 Staves
 - Level 1.7 Throwing
 + Level 3.2 Dodging


You had 6 spell levels left.
You didn't know any spells.
Your spell library was empty.

Dungeon Overview and Level Annotations

Branches:
Dungeon (5/15)             Temple (1/1) D:4         Ossuary (visited)

Altars:
Ashenzari
Cheibriados
Fedhas
Gozag
Kikubaaqudgha
Qazlal
Ru
Sif Muna
Uskayaw
Wu Jian
Yredelemnul
Zin
The Shining One


Innate Abilities, Weirdness & Mutations

You have extremely sharp teeth.
Your natural rate of healing is unusually fast.
When hurt, damage is shared between your health and your magic reserves.
Your bite disrupts and absorbs the magic of your enemies.
Potions cannot restore your health.


Message History

The orc priest is heavily wounded.
The orc is no longer distracted by gold.
The orc priest hits you with a +0 hand axe.
You closely miss the orc priest.
You bite the orc priest, but do no damage.
The orc priest is heavily wounded.
The orc priest closely misses you.
You barely miss the orc priest. Your bite misses the orc priest.
The orc priest is heavily wounded.
The orc priest closely misses you.
You hit the orc priest. You bite the orc priest!
You kill the orc priest!
You closely miss the acid dragon.
The acid dragon is moderately wounded.
The acid dragon spits acid at you. The splash of acid hits you!
You hit the acid dragon.
You bite the acid dragon, but do no damage.
The acid dragon is moderately wounded.
The acid dragon bites you!
The acid dragon claws you but does no damage.
You sock the acid dragon! You bite the acid dragon! You drain its power.
You feel invigorated.
The acid dragon is almost dead.
The acid dragon closely misses you. The acid dragon misses you.
You hit the acid dragon but do no damage.
You bite the acid dragon, but do no damage.
The acid dragon is almost dead.
The acid dragon barely misses you. The acid dragon closely misses you.
You barely miss the acid dragon. Your bite misses the acid dragon.
The acid dragon is almost dead.
The acid dragon bites you. The acid dragon claws you.
You barely miss the acid dragon.
You bite the acid dragon, but do no damage.
The acid dragon is severely wounded.
The acid dragon spits acid at you. The splash of acid hits you!!
Ouch! That really hurt!
You die...
Your body crumbles into a pile of gold.

......##
......
.....#
.....
#...#
####o..#
#...of.#
#D# #@#
#.#######
#.......#
########.#
...#####.#
##......<#
.........#
.#########


You could see an acid dragon (catching breath), a sleepcap and 2 orcs.

Vanquished Creatures
  A water moccasin (D:5)
  A black bear (D:4)
  A kobold brigand (D:4)
  A howler monkey (D:4)
  2 hounds (D:4)
  A jelly (D:4)
  3 orc priests
  A sleepcap (D:4)
  An orc wizard (D:3)
  8 mummies (Ossuary)
  3 gnolls (D:2)
  5 adders
  An ufetubus (D:4)
  5 worms
  2 dart slugs
  7 orcs
  6 ball pythons
  6 endoplasms
  3 giant cockroaches
  4 goblins
  7 hobgoblins
  3 jackals (D:1)
  8 kobolds
  4 quokkas
  4 bats
  6 frilled lizards
  3 gnoll zombies (Ossuary)
  A hobgoblin zombie (Ossuary)
  4 kobold zombies (Ossuary)
  4 rats
106 creatures vanquished.

Vanquished Creatures (others)
  2 plants (D:1)
2 creatures vanquished.

Grand Total: 108 creatures vanquished

Notes
Turn   | Place    | Note
-------+----------+-------------------------------------------
     0 | D:1      | DeathPants the Vine Stalker Gladiator began the quest for
                  | the Orb.
     0 | D:1      | Reached XP level 1. HP: 11/11 MP: 2/2
    64 | D:1      | You fall into a shaft and drop 1 floor!
   190 | D:1      | Reached skill level 3 in Staves
   191 | D:1      | Reached XP level 2. HP: 14/15 MP: 3/3
   505 | D:1      | Reached XP level 3. HP: 18/18 MP: 4/4
  1385 | D:2      | Gained mutation: Your natural rate of healing is unusually
                  | fast. [Vine Stalker growth]
  1385 | D:2      | Reached XP level 4. HP: 23/23 MP: 5/5
  1406 | D:2      | Reached skill level 4 in Staves
  2038 | D:3      | Identified the +0 robe of the Stars {rPois Str+4}
  2068 | D:3      | Reached XP level 5. HP: 20/28 MP: 4/6
  2140 | D:3      | Found a broken altar of Ashenzari.
  2290 | D:4      | Noticed a kobold brigand
  2319 | D:4      | Reached skill level 5 in Staves
  2323 | D:4      | Killed a kobold brigand
  2324 | D:4      | Reached XP level 6. HP: 16/32 MP: 4/7
  2378 | D:4      | Found a staircase to the Ecumenical Temple.
  2399 | Temple   | Entered the Ecumenical Temple
  2407 | Temple   | Became a worshipper of Gozag Ym Sagoz the Greedy
  2631 | D:4      | Found a sand-covered staircase.
  2675 | Ossuary  | Entered an ossuary
  2710 | Ossuary  | Reached XP level 7. HP: 37/37 MP: 8/8
  2715 | Ossuary  | Reached skill level 6 in Staves
  3202 | D:3      | Found a stormy altar of Qazlal.
  3627 | D:3      | Found a glowing silver altar of Zin.
  3659 | D:3      | Found a faded altar of an unknown god.
  3860 | D:5      | Entered Level 5 of the Dungeon
  4077 | D:5      | Killed from afar by an acid dragon

Illustrated notes

Levels and vault maps discovered:
D:1:      minmay_arrival_stone_box, layout_basic, chequers_big_river
D:2:      layout_basic, serial_corexii_hall, chequers_hall_statues_y,
          corexii_hall_statues_x
D:3:      layout_basic, nicolae_overflow_hidden_temple, zin_academy,
          lemuel_doored_altar, cheibrodos_sewer_entry_bend,
          chequers_ecumenical_altar_simple
D:4:      layout_rooms, minmay_temple_entry_slanted, enter_ossuary_1,
          corexii_checkpoint_a
D:5:      layout_basic, mainiacjoe_overflow_tiny_flanked
Temple:   eino_narrow_crystal_temple

Skill      XL: |  1  2  3  4  5  6  7 |
---------------+----------------------+-----
Fighting       | 2 3 4 |  4.5
Staves         | 3 4 5 6 |  6.7
Dodging        | 3 |  3.2
Throwing       | |  1.7

Action                     |  1- 3 |  4- 6 |  7- 9 || total
---------------------------+-------+-------+-------++-------
  Melee: Quarterstaff      |    82 |    89 |    62 ||   233
         Bite              |    14 |    20 |    22 ||    56
  Throw: Throwing net      |       |     2 |       ||     2
  Evoke: Wand              |       |     1 |     1 ||     2
    Use: Scroll            |       |     7 |       ||     7
   Stab: Sleeping          |     3 |       |       ||     3
         Distracted        |       |       |     1 ||     1
 Armour: Leather armour    |     5 |       |       ||     5
         Troll leather arm |     7 |    35 |    12 ||    54
  Dodge: Dodged            |    67 |    56 |    34 ||   157

Table legend: (Time is in decaauts)
 A = Elapsed time spent in this place.
 B = Non-inter-level travel time spent in this place.
 C = Inter-level travel time spent in this place.
 D = Time resting spent in this place.
 E = Time spent auto-exploring this place.
 F = Levels seen in this place.
 G = Mean time per level.
                   A        B        C        D        E       F      G
               +--------+--------+--------+--------+--------+-----+--------+
         Total |   4117 |   3985 |    132 |    122 |   2745 |   7 |  588.1 |
       Dungeon |   3863 |   3731 |    132 |    122 |   2608 |   5 |  772.6 |
        Temple |     16 |     16 |      0 |      0 |      0 |   1 |   16.0 |
       Ossuary |    236 |    236 |      0 |      0 |    137 |   1 |  236.0 |
               +--------+--------+--------+--------+--------+-----+--------+

Top non-repeatable levels by time:
     D:3: 1072 daAuts
     D:2: 1021 daAuts
     D:1: 996 daAuts
     D:4: 692 daAuts
 Ossuary: 236 daAuts
     D:5: 81 daAuts
  Temple: 16 daAuts
